 Dungeon Crawl Stone Soup version 0.27.1-4-g1640c2035a (webtiles) character file.

Game seed: 13729976032808455899

54 adizb the Sneak (level 3, -2/28 HPs)
             Began as a Naga Enchanter on Nov 16, 2021.
             Slain by a worm (8 damage)
             ... on level 2 of the Dungeon.
             The game lasted 00:10:43 (1166 turns).

adizb the Sneak (Naga Enchanter)                    Turns: 1166, Time: 00:10:44

Health: -2/28      AC:  3    Str: 10    XL:     3   Next: 91%
Magic:  6/6        EV: 10    Int: 15    God:
Gold:   1129       SH:  0    Dex: 12    Spells: 5/6 levels left

rFire    + . .     SeeInvis +   h - +2 short sword (venom)
rCold    x . .     Faith    .   (no shield)
rNeg     . . .     Spirit   .   b - +1 robe
rPois    +         Reflect  .   k - +0 hat
rElec    .         Harm     .   (no cloak)
rCorr    .         Rampage  .   (no gloves)
Will     .....                  (no barding)
Stlth    +++.......             (no amulet)
HPRegen  0.09/turn              d - ring of fire
MPRegen  0.10/turn              (no ring)

@: very slow
A: AC +1, large, see invisible, deformed body, poison resistance, slowness 2,
spit poison 1, naga tail 1
a: Spit Poison


You were on level 2 of the Dungeon.
You visited 1 branch of the dungeon, and saw 2 of its levels.

You collected 1129 gold pieces.

Inventory:

Hand Weapons
 h - a +2 short sword of venom (weapon)
Armour
 b - a +1 robe (worn)
 k - a +0 hat (worn)
Jewellery
 d - a ring of fire (left hand)
 i - an amulet of faith
Scrolls
 a - 2 scrolls of teleportation {unknown}
 c - 3 scrolls of identify {unknown}
 j - a scroll of magic mapping {unknown}
Potions
 e - a potion of lignification {unknown}
 f - a potion of haste {unknown}
 g - a potion of heal wounds {unknown}


   Skills:
 + Level 1.7 Short Blades
 + Level 2.0 Dodging
 + Level 5.1 Stealth
 + Level 2.4 Spellcasting
 + Level 3.3 Hexes


You had 5 spell levels left.
You knew the following spells:

 Your Spells              Type           Power      Damage    Failure   Level
a - Corona                Hex            12%        N/A       5%          1

Your spell library contained the following spells:

 Spells                   Type           Power      Damage    Failure   Level
 Ensorcelled Hibernation  Hex/Ice        12%        N/A       16%         2
 Confusing Touch          Hex            11%        N/A       16%         3
 Tukima's Dance           Hex            11%        N/A       16%         3
 Dazzling Flash           Conj/Hex       12%        N/A       32%         3
 Iskenderun's Mystic Bla  Conj/Tloc      1%         2d3       91%         4
 Starburst                Conj/Fire      1%         6d3       100%        6


Dungeon Overview and Level Annotations

Branches:
Dungeon (2/15)

Altars:


Innate Abilities, Weirdness & Mutations

Your serpentine skin is tough. (AC +1)
You have supernaturally acute eyesight. (SInv)
Armour fits poorly on your strangely shaped body.
Your system is resistant to poisons. (rPois)
You cover ground very slowly.
You can spit poison.
You have a snake-like lower body.


Message History

Aim: a worm You fail to use your ability.
Press: ? - help, Shift-Dir - straight line, f/p - worm
Aim: a worm The splash of poison hits the worm.
The worm is moderately wounded.
You open the door.
There is an open door here.
You have got your breath back.
Press: ? - help, Shift-Dir - straight line, f/p - worm
Aim: a worm The splash of poison hits the worm.
The worm is poisoned.
The worm is lightly wounded.
The worm looks more healthy.
You have got your breath back.
Press: ? - help, Shift-Dir - straight line, f/p - worm
Aim: a worm (lightly wounded)
The splash of poison hits the worm.
The worm is moderately wounded.
You have got your breath back.
Press: ? - help, Shift-Dir - straight line, f/p - worm
Aim: a worm (lightly wounded)
The splash of poison hits the worm.
The worm is poisoned.
The worm is lightly wounded.
You hit the worm.
The worm is moderately wounded.
You hit the worm.
The worm looks even sicker.
The worm is heavily wounded.
The worm bites you.
You hit the worm.
The worm looks even sicker.
The worm is heavily wounded.
You have got your breath back.
The worm bites you.
* * * LOW HITPOINT WARNING * * *
You hit the worm.
The worm looks as sick as possible!
The worm is severely wounded.
You hit the worm.
The worm looks as sick as possible!
The worm is almost dead.
The worm bites you!
You die...

#.......##.##...##.........
#.......##......'..#.#'#...
#.......#####...##.#.#.###.
#.......+.......##.#.#.# #.
#######.......####....##.#.#.# #.
......................##†#.#.# #.
##.#########.#####....##.#.#.# #.
##....######...........#.#.#.####
†'....'........w@...........>....
##....######.......#...#.###.####
#.#### #.######....#.#.......
.... #.# #....#..#.#.#.#### .....
#.# #.#..#..#.#.#.#### ...... #.#
# #.......#.#.†... ....... #.#
#......##....### ........ #.#
#####..####..# # #..# #..# #


You could see a worm (extremely poisoned).

Vanquished Creatures
  An adder (D:2)
  A worm (D:2)
  A dart slug (D:2)
  3 endoplasms
  3 giant cockroaches
  4 goblins
  3 hobgoblins (D:1)
  3 kobolds
  A quokka (D:1)
  3 ball pythons
  4 bats
  7 frilled lizards
  6 rats
40 creatures vanquished.

Notes
Turn   | Place    | Note
-------+----------+-------------------------------------------
     0 | D:1      | adizb the Naga Enchanter began the quest for the Orb.
     0 | D:1      | Reached XP level 1. HP: 15/15 MP: 3/3
   235 | D:1      | Reached XP level 2. HP: 20/22 MP: 3/5
   424 | D:1      | Identified a scroll of acquirement
   424 | D:1      | Acquired 991 gold pieces
   726 | D:2      | Reached XP level 3. HP: 22/28 MP: 6/6
  1121 | D:2      | Reached skill level 5 in Stealth
  1166 | D:2      | Slain by a worm

Illustrated notes

Levels and vault maps discovered:
D:1:      sevenhm_arrival_forest_fort_large_2, layout_loops_corners,
          minivault_26, minmay_misc_feat_plants, minmay_3d_cube
D:2:      layout_basic

Skill      XL: |  1  2  3 |
---------------+----------+-----
Dodging        | 2 |  2.0
Stealth        | 5 |  5.1
Short Blades   | |  1.7
Spellcasting   | |  2.4
Hexes          | |  3.3

Action                   || total
-------------------------++-------
Melee: Dagger            ||    22
       Short sword       ||    36
 Cast: Corona            ||     6
 Abil: Spit Poison       ||    35
  Use: Scroll            ||     2
 Stab: Sleeping          ||     1
Armor: Robe              ||     3
Dodge: Dodged            ||    24
